 Dungeon Crawl Stone Soup version 0.23-a0-208-gb6b040f (webtiles) character file.

7634 PurpleRed the Grappler (level 11, 0/78 HPs)
             Began as an Octopode Wanderer on Sept 25, 2018.
             Was a High Priest of Cheibriados.
             Slain by a minotaur
             ... wielding a +0 hand axe
              (9 damage)
             ... in a labyrinth.
             The game lasted 00:39:51 (10216 turns).

PurpleRed the Grappler (Octopode Wanderer)         Turns: 10216, Time: 00:39:52

Health: 0/78       AC:  1    Str: 29    XL:     11   Next: 18%
Magic:  5/14       EV: 22    Int: 27    God:    Cheibriados [*****.]
Gold:   620        SH:  8    Dex: 22    Spells: 10/14 levels left

rFire    + . .     SeeInvis .     - Unarmed
rCold    x . .     Gourm    .   R - +2 buckler
rNeg     . . .     Faith    .   (helmet restricted)
rPois    .         Spirit   .   (no amulet)
rElec    .         Reflect  .   p - ring of resist corrosion
rCorr    +         Harm     .   g - ring of fire
MR       .....                  H - ring of the Nightingale {EV+3 Int+4}
Stlth    +++.......             P - ring of flight
HPRegen  0.23/turn              (no ring)
MPRegen  0.14/turn              (no ring)
                                (no ring)
                                (no ring)

@: very slow
A: almost no armour, stealthy swim, amphibious, 8 rings, constrict 8, camouflage
1, gelatinous body 1
a: Bend Time, Temporal Distortion, Slouch, Step From Time, Renounce Religion,
Evoke Flight


You were in a labyrinth.
You worshipped Cheibriados.
Cheibriados was extremely pleased with you.
You were hungry.

You visited 2 branches of the dungeon, and saw 12 of its levels.
You also visited: Labyrinth.

You collected 620 gold pieces.

Inventory:

Hand Weapons
 q - a +1 hunting sling
 B - a +2 trident of holy wrath
 L - the +7 dagger "Fuetun" {protect, +Blink rF+ Int+2 Stlth+}
   (You found it on level 9 of the Dungeon)

   It protects the one who uses it against injury (+AC on strike).
   It affects your intelligence (+2).
   It protects you from fire.
   It lets you blink.
   It makes you more stealthy.
 Q - the +4 short sword "Keol" {drain, rPois Str-3 Dex+5, unknown}
   (You found it on level 10 of the Dungeon)

   A truly terrible weapon, it drains the life of those it strikes.
   It affects your strength (-3).
   It affects your dexterity (+5).
   It protects you from poison.
Missiles
 a - 2 throwing nets
 h - 31 poisoned needles
 l - 233 arrows
 r - 6 tomahawks (quivered)
 s - 36 sling bullets
 t - 30 bolts
 O - 5 exploding tomahawks
Armour
 R - a +2 buckler (worn)
Magical Staves
 I - an uncursed staff of summoning
Jewellery
 g - a ring of fire (right tentacle)
 p - a ring of resist corrosion (left tentacle)
 H - the ring of the Nightingale (on tentacle) {EV+3 Int+4}
   (You found it on level 8 of the Dungeon)

   [ring of evasion]

   It affects your evasion (+3).
   It affects your intelligence (+4).
 P - a ring of flight (on tentacle)
Wands
 f - a wand of polymorph (24)
 G - a wand of digging (6)
 N - a wand of paralysis (10)
Scrolls
 i - 2 scrolls of enchant weapon
 k - 7 scrolls of teleportation
 m - a scroll of fog
 w - 2 scrolls of enchant armour
 x - 12 scrolls of remove curse
 y - a scroll of amnesia
 C - a scroll of magic mapping
 F - a scroll of random uselessness {unknown}
 J - 2 scrolls of blinking {unknown}
 M - 3 scrolls of identify
Potions
 b - 4 potions of curing
 d - a potion of flight
 e - a potion of ambrosia
 j - a potion of brilliance
 o - a potion of might
 u - a potion of haste
 v - a potion of resistance
 z - a potion of cancellation {unknown}
 A - a potion of degeneration {unknown}
 D - 2 potions of lignification {unknown}
 E - 3 potions of heal wounds
 K - a potion of berserk rage {unknown}
Comestibles
 c - 17 rations


   Skills:
 + Level 8.5 Fighting
   Level 2.0 Axes
   Level 1.0 Crossbows
 - Level 1.0 Throwing
 + Level 6.4 Dodging
 - Level 1.3 Stealth
 - Level 4.1 Shields
 * Level 11.4 Unarmed Combat
 - Level 2.0 Spellcasting
 - Level 3.0 Charms
 - Level 4.2 Ice Magic
 + Level 2.8 Invocations


You had 10 spell levels left.
You knew the following spells:

 Your Spells              Type           Power        Failure   Level  Hunger
a - Confusing Touch       Hex            #.....       10%         1    None
b - Ozocubu's Armour      Chrm/Ice       ###.....     7%          3    ###....

Your spell library contained the following spells:

 Spells                   Type           Power        Failure   Level  Hunger
 Freeze                   Ice            ####         1%          1    None
 Throw Frost              Conj/Ice       ##....       6%          2    ##.....
 Animate Skeleton         Necr           N/A          10%         1    None
 Apportation              Tloc           #.....       10%         1    None
 Summon Small Mammal      Summ           #...         10%         1    None
 Summon Ice Beast         Ice/Summ       ##......     38%         4    ####...
 Throw Icicle             Conj/Ice       ##......     38%         4    ####...


Dungeon Overview and Level Annotations

Branches:
Dungeon (11/15)            Temple (1/1) D:6            Lair (0/6) D:11
    Orc (0/2) D:10

Altars:
Ashenzari
Cheibriados
Dithmenos
Elyvilon
Fedhas
Gozag
Hepliaklqana
Kikubaaqudgha
Makhleb
Nemelex Xobeh
Okawaru
Qazlal
Ru
Sif Muna
Trog
Uskayaw
Vehumet
Wu Jian
Xom
Yredelemnul
Zin
The Shining One

Shops:
D:8 (   D:9 [[%[*


Innate Abilities, Weirdness & Mutations

You cannot wear most types of armour.
You are very stealthy in the water. (Stealth+)
You are amphibious.
You can wear up to eight rings at the same time.
You can use your tentacles to constrict eight enemies at once.
Your skin changes colour to match your surroundings (Stealth+).
Your rubbery body absorbs attacks. (AC +1, EV +1)


Message History

The minotaur headbutts you, but does no damage.
You grab the minotaur.
The minotaur is heavily wounded.
You constrict the minotaur. You block the minotaur's attack.
The minotaur barely misses you.
You bludgeon the minotaur!
You squeeze the minotaur, but do no damage.
The minotaur is heavily wounded.
You constrict the minotaur. The minotaur hits you with a hand axe!
The minotaur completely misses you.
You tentacle-slap the minotaur but do no damage.
You squeeze the minotaur, but do no damage.
The minotaur is severely wounded.
You constrict the minotaur. You bludgeon the minotaur!
You squeeze the minotaur.
The minotaur is almost dead.
You constrict the minotaur. The minotaur hits you with a hand axe!!
* * * LOW HITPOINT WARNING * * *
The minotaur gores you!
You die...

# . ## #
#.# .
..#.# # #
#...### #
# ..
........
.# #######
# ##.# #
#..@H.#.#.
. #.###(#.
##. ..#.#
.#.#....#
# #.# H#.
. # ..# #
.#. .
..#.# .#.
.# # .
.#.# ### #
...
#.#....
..# .### #
..#######
....


You could see a minotaur.

Vanquished Creatures
  A two-headed ogre (D:10)
  A gargoyle (D:10)
  Prince Ribbit (D:5)
  A troll (D:9)
  3 hippogriffs
  Sigmund (D:2)
  A spriggan (D:7)
  2 hungry ghosts
  A black bear (D:9)
  3 orc warriors
  A hornet zombie (D:9)
  6 sky beasts
  7 ice beasts
  A necrophage (D:9)
  A phantom (D:10)
  4 ogres
  4 centaurs
  A crocodile (D:8)
  A big kobold (D:10)
  5 bullfrogs
  A gnoll sergeant (D:6)
  A killer bee (D:10)
  An electric eel (D:9)
  A howler monkey (D:6)
  A quasit (D:6)
  6 crimson imps
  A gnoll shaman (D:10)
  8 orc priests
  A centaur zombie (D:8)
  5 jellies
  2 bullfrog skeletons
  9 hounds
  9 orc wizards
  4 iguanas
  A centaur skeleton (D:8)
  7 worker ants
  2 hound skeletons (D:10)
  A worker ant zombie (D:7)
  9 gnolls
  17 adders
  2 shadow imps
  An ooze (D:1)
  4 adder skeletons
  4 worms
  4 dart slugs (D:1)
  6 leopard geckos
  46 orcs
  4 bats
  5 giant cockroaches
  8 goblins
  9 hobgoblins
  6 jackals
  6 quokkas
  2 ball pythons
  16 frilled lizards
  16 kobolds
  A leopard gecko skeleton (D:6)
  A quokka zombie (D:6)
  6 rats
280 creatures vanquished.

Notes
Turn   | Place    | Note
-------+----------+-------------------------------------------
     0 | D:1      | PurpleRed the Octopode Wanderer began the quest for the
                  | Orb.
     0 | D:1      | PurpleRed set off with: a +2 hand axe, 2 potions of curing,
                  | a ration
     0 | D:1      | Reached XP level 1. HP: 18/18 MP: 1/1
    13 | D:1      | Reached skill level 1 in Unarmed Combat
    39 | D:1      | Reached XP level 2. HP: 19/24 MP: 2/2
    47 | D:1      | Reached skill level 2 in Unarmed Combat
   267 | D:1      | Reached XP level 3. HP: 20/29 MP: 3/3
   513 | D:1      | Reached skill level 3 in Unarmed Combat
   973 | D:2      | Noticed Sigmund
   987 | D:2      | Found a hide-covered altar of Uskayaw.
  1039 | D:2      | Reached XP level 4. HP: 21/35 MP: 4/4
  1277 | D:2      | Found an ornate altar of the Wu Jian Council.
  1489 | D:2      | Killed Sigmund
  1489 | D:2      | Reached skill level 5 in Unarmed Combat
  1489 | D:2      | Reached XP level 5. HP: 20/39 MP: 5/5
  1489 | D:2      | Reached XP level 6. HP: 23/45 MP: 6/6
  1830 | D:3      | Found a deep blue altar of Sif Muna.
  1832 | D:3      | Found a stormy altar of Qazlal.
  1832 | D:3      | Found a shimmering altar of Xom.
  1835 | D:3      | Found a glowing silver altar of Zin.
  1835 | D:3      | Found a stormy altar of Qazlal.
  1835 | D:3      | Found a glowing silver altar of Zin.
  1967 | D:3      | Reached skill level 6 in Unarmed Combat
  2010 | D:3      | Found an opulent altar of Gozag.
  2187 | D:3      | Found a snail-covered altar of Cheibriados.
  2268 | D:3      | Found a sparkling altar of Nemelex Xobeh.
  2294 | D:3      | Became a worshipper of Cheibriados the Contemplative
  2801 | D:4      | Reached XP level 7. HP: 29/50 MP: 7/7
  2804 | D:4      | Reached * piety under Cheibriados
  2804 | D:4      | Reached skill level 7 in Unarmed Combat
  3121 | D:4      | Found a sacrificial altar of Ru.
  3564 | D:5      | Entered Level 5 of the Dungeon
  3589 | D:5      | Noticed Prince Ribbit
  3594 | D:5      | You fall through a shaft for 2 floors!
  3644 | D:6      | HP: 1/50 [gnoll/halberd (17)]
  3645 | D:6      | Reached skill level 8 in Unarmed Combat
  3699 | D:7      | Noticed a hungry ghost
  3960 | D:5      | Killed Prince Ribbit
  3960 | D:5      | Reached skill level 9 in Unarmed Combat
  3960 | D:5      | Reached XP level 8. HP: 24/55 MP: 4/8
  4327 | D:5      | Reached ** piety under Cheibriados
  5090 | D:6      | Reached skill level 10 in Unarmed Combat
  5110 | D:6      | Found a blossoming altar of Fedhas.
  5113 | D:6      | Noticed Grinder
  5137 | D:6      | Paralysed by Grinder for 3 turns
  5140 | D:6      | Noticed Grinder
  5140 | D:6      | Grinder changed into Grinder the quasit
  5145 | D:6      | Killed Grinder the quasit
  5155 | D:6      | Found a shattered altar of Ashenzari.
  5603 | D:6      | Reached skill level 1 in Shields
  5603 | D:6      | Reached XP level 9. HP: 58/61 MP: 9/9
  5626 | D:6      | Found a staircase to the Ecumenical Temple.
  5645 | Temple   | Entered the Ecumenical Temple
  6120 | D:6      | Reached *** piety under Cheibriados
  6409 | D:6      | Found a stormy altar of Qazlal.
  6509 | D:7      | Found an iron altar of Okawaru.
  6509 | D:7      | Found a blossoming altar of Fedhas.
  6510 | D:7      | Found an ancient bone altar of Kikubaaqudgha.
  6584 | D:7      | Learned a level 1 spell: Freeze
  6588 | D:7      | Learned a level 3 spell: Ozocubu's Armour
  6851 | D:7      | Found a burning altar of Makhleb.
  7059 | D:8      | Learned a level 1 spell: Confusing Touch
  7232 | D:8      | Reached skill level 1 in Spellcasting
  7232 | D:8      | Reached skill level 1 in Charms
  7232 | D:8      | Reached skill level 1 in Ice Magic
  7376 | D:8      | Got a vibrating golden ring
  7401 | D:8      | Identified the ring of the Nightingale {EV+3 Int+4} (You
                  | found it on level 8 of the Dungeon)
  7593 | D:8      | Found Heuv Wuy's Weapon Emporium.
  7639 | D:8      | Reached XP level 10. HP: 72/72 MP: 12/12
  7807 | D:8      | Reached **** piety under Cheibriados
  8028 | D:9      | Found Nafun's Antique Armour Emporium.
  8060 | D:9      | Got a bloodstained dagger
  8345 | D:9      | Found Qotetih's General Store.
  8388 | D:9      | Found Ficituel's Food Shoppe.
  8486 | D:9      | Found Kymempie's Armour Boutique.
  8492 | D:9      | Reached skill level 1 in Dodging
  8904 | D:9      | Found Tawimunn's Armour Shop.
  9043 | D:10     | Entered Level 10 of the Dungeon
  9062 | D:10     | Identified the +7 dagger "Fuetun" {protect, +Blink rF+
                  | Int+2 Stlth+} (You found it on level 9 of the Dungeon)
  9190 | D:10     | Reached ***** piety under Cheibriados
  9329 | D:10     | Noticed a two-headed ogre
  9339 | D:10     | Killed a two-headed ogre
  9339 | D:10     | Reached skill level 5 in Dodging
  9405 | D:10     | Noticed a gargoyle
  9414 | D:10     | Killed a gargoyle
  9423 | D:10     | Reached skill level 1 in Invocations
  9462 | D:10     | Reached skill level 11 in Unarmed Combat
  9519 | D:10     | Reached XP level 11. HP: 77/77 MP: 14/14
  9573 | D:10     | Found a staircase to the Orcish Mines.
  9701 | D:10     | Got a pitted short sword
  9989 | D:11     | Found a labyrinth entrance.
 10013 | Lab      | Entered a labyrinth
 10204 | Lab      | Noticed a minotaur
 10216 | Lab      | Slain by a minotaur

Vault maps used:
D:1:      minmay_arrival_diagonal_passages, minmay_crystal_room,
          minmay_lizard_king
D:2:      nicolae_overflow_crystal_walls, eat_drink_and_be_merry_uskayaw,
          uniq_sigmund
D:3:      nicolae_gozag_cash_rules_everything_around_me, doesnt_xom_only_xom,
          nemelex_xobeh_ov_fountains_minmay, cheibriados_altar_1, st_stairs_1
D:4:      overflow_temple_1_default, first_ration
D:5:      uniq_prince_ribbit1
D:6:      lemuel_upstairs_altar, ashenzari_altar_1,
          minmay_temple_entry_glassed_door, fedhas_altar_2, uniq_grinder
D:7:      makhleb_heckhound_becter, gammafunk_temple_overflow_claw,
          minivault_27, the_bakery
D:8:      serial_shops, shop_statue
D:9:      serial_shops, shop, shop, shop, nicolae_shop_statue_plus,
          nicolae_shop_competitors_out_of_business
D:10:     orc_0_dummy, special_room, st_stairs_11
D:11:     lair_entry_dummy, lab_entry_generic
Temple:   cyrus_temple_forest
Lab:      labyrinth_spiral

Skill      XL: |  1  2  3  4  5  6  7  8  9 10 11 |
---------------+----------------------------------+-----
Unarmed Combat | 1 2 3 5 6 9 10 11 | 11.4
Shields        | 1 4 |  4.1
Fighting       | 7 8 |  8.5
Spellcasting   | 1 2 |  2.0
Charms         | 1 3 |  3.0
Ice Magic      | 1 4 |  4.2
Dodging        | 6 |  6.4
Invocations    | 1 2 |  2.8
Axes           | |  2.0
Crossbows      | |  1.0
Throwing       | |  1.0
Stealth        | |  1.3

Action                   |  1- 3 |  4- 6 |  7- 9 | 10-12 || total
-------------------------+-------+-------+-------+-------++-------
Melee: Hand axe          |    80 |    44 |       |       ||   124
       Constrict         |    16 |    28 |    47 |    33 ||   124
       Tentacles         |    12 |    11 |    51 |    68 ||   142
       Punch             |       |     5 |    16 |    30 ||    51
       Unarmed           |       |    63 |   210 |   167 ||   440
       Dagger            |       |       |       |    13 ||    13
Throw: Tomahawk          |       |       |    13 |    13 ||    26
Invok: Bend Time         |       |       |     1 |       ||     1
       Slouch            |       |       |       |     2 ||     2
Evoke: Wand              |       |       |     2 |     6 ||     8
  Use: Scroll            |       |     5 |     9 |     4 ||    18
       Potion            |       |       |     4 |     3 ||     7
 Stab: Sleeping          |     7 |     5 |    17 |    10 ||    39
       Distracted        |       |     1 |     1 |       ||     2
       Paralysed         |       |       |       |     3 ||     3
  Eat: Chunk             |       |     6 |     9 |     4 ||    19
Armor: Skin              |     4 |     8 |     6 |     5 ||    23
Dodge: Dodged            |    44 |    57 |   115 |    82 ||   298
Block: Buckler           |       |       |     9 |    34 ||    43

Table legend:
 A = Non-vault XP
 B = Vault XP
 C = Vault XP percentage of total XP
 D = Non-vault monster count
 E = Vault monster count
 F = Vault count percentage of total count
                 A         B        C        D         E       F
            +---------+---------+-------+---------+---------+-------
      Total |    9763 |    1144 |  10.5 |     251 |      29 |  10.4
            +---------+---------+-------+---------+---------+-------
        D:1 |      46 |      12 |  20.7 |      21 |      10 |  32.3
        D:2 |      57 |     227 |  79.9 |      23 |       1 |   4.2
        D:3 |      98 |      18 |  15.5 |      31 |       3 |   8.8
        D:4 |     478 |       0 |   0.0 |      24 |       0 |   0.0
        D:5 |     347 |     296 |  46.0 |      14 |       1 |   6.7
        D:6 |    1314 |      45 |   3.3 |      30 |       1 |   3.2
        D:7 |     609 |     260 |  29.9 |      12 |       2 |  14.3
        D:8 |    1156 |       0 |   0.0 |      26 |       0 |   0.0
        D:9 |    1514 |       0 |   0.0 |      26 |       0 |   0.0
       D:10 |    3889 |     286 |   6.9 |      43 |      11 |  20.4
       D:11 |     255 |       0 |   0.0 |       1 |       0 |   0.0
            +---------+---------+-------+---------+---------+-------
